 Dungeon Crawl Stone Soup version 0.20.0-15-g7f486f2 (webtiles) character file.

99 tehllama the Conjurer (level 4, -1/33 HPs)
             Began as a Draconian Conjurer on June 21, 2017.
             Was an Initiate of Vehumet.
             Slain by a gnoll
             ... wielding a +0 spear
              (9 damage)
             ... on level 2 of the Dungeon.
             The game lasted 00:12:17 (1828 turns).

tehllama the Conjurer (Draconian Conjurer)          Turns: 1828, Time: 00:12:18

Health: -1/33      AC:  5    Str:  8 (10) XL:     4   Next: 45%
Magic:  1/7        EV: 18    Int: 16 (17) God:    Vehumet [......]
Gold:   111        SH:  0    Dex: 20 (21) Spells: 2/8 levels left

rFire    . . .     SeeInvis .   c - +1 spear (venom)
rCold    . . .     Gourm    .   (no shield)
rNeg     . . .     Faith    .   (armour unavailable)
rPois    .         Spirit   .   (helmet restricted)
rElec    .         Reflect  .   (no cloak)
rCorr    .         Harm     .   (no gloves)
MR       .....                  (no boots)
Stlth    +++.......             (no amulet)
Regen    0.2/turn               f - +5 ring of dexterity
MPRegen  0.1/turn               (no ring)

@: agile
A: unfitting armour, cold-blooded, AC +5
a: Renounce Religion


You were on level 2 of the Dungeon.
You worshipped Vehumet.
Vehumet was noncommittal.
You were not hungry.

You visited 1 branch of the dungeon, and saw 2 of its levels.

You collected 111 gold pieces.

Inventory:

Hand Weapons
 b - a +2 dagger of freezing
 c - a +1 spear of venom (weapon)
 d - a +0 spear
 e - a +0 mace
 j - a +0 mace
 l - a +0 spear
 m - a +0 hand axe
Jewellery
 f - a +5 ring of dexterity (left hand)
Wands
 g - a wand of confusion (35/48)
Potions
 k - a potion of resistance {unknown}
Books
 a - a book of Conjurations

   Spells                             Type                      Level
   a - Magic Dart                     Conjuration                  1
   b - Searing Ray                    Conjuration                  2
   c - Dazzling Spray                 Conjuration/Hexes            3
   d - Fulminant Prism                Conjuration/Hexes            4
   e - Force Lance                    Conjuration/Translocation    4
   f - Iskenderun's Mystic Blast      Conjuration                  4
Comestibles
 i - a royal jelly


   Skills:
 + Level 0.2 Maces & Flails
 + Level 2.3 Dodging
 + Level 1.9 Stealth
 + Level 0.6 Unarmed Combat
 + Level 2.6 Spellcasting
 + Level 5.1 Conjurations


You had 2 spell levels left.
You knew the following spells:

 Your Spells              Type           Power        Failure   Level  Hunger
a - Magic Dart            Conj           ###.         2%          1    #......
b - Searing Ray           Conj           ###...       3%          2    ##.....
c - Dazzling Spray        Conj/Hex       ##....       21%         3    ###....


Dungeon Overview and Level Annotations

Branches:
Dungeon (2/15)

Altars:
Fedhas
Vehumet


Innate Abilities, Weirdness & Mutations

Your plain brown scales are hard. (AC +5)
You cannot fit into any form of body armour.
You are cold-blooded and may be slowed by cold attacks.


Message History

The gnoll is almost dead.
The gnoll hits you but does no damage.
The gnoll hits you from afar with a spear.
You puncture the gnoll!
You kill the gnoll!
Vehumet accepts your kill. The gnoll hits you but does no damage.
It was a potion of degeneration.
There was something very wrong with that liquid.
You feel weakened.
You feel dopey.
You feel clumsy. The frilled lizard bites you. The gnoll closely misses you.
It was a potion of agility.
You feel agile all of a sudden. The frilled lizard barely misses you.
The gnoll hits you from afar with a spear.
* * * LOW HITPOINT WARNING * * *
Unknown command.
The frilled lizard completely misses you.
The gnoll hits you from afar with a spear!
You die...

...#
#.#..(....#.......#...
...#
#.....###.#.......#.#.
#..# ##.#!.#
#.##.....##... ##.#
#.#..###.####.####...
##.# # #.............
..#. ...
#.#..######..........
#...
#.#......##..#.####..
... ## #.....#.#... ..
#.###.@.......
#..#g....#....
......#.)gl..######
###.......#.####..#
.......## #. #.....
#..#.. #. ##.#### ...
#. .# #..# #.# #. .#
...# #.# #. .#


You could see 2 gnolls and a frilled lizard.

Vanquished Creatures
  3 adders (D:2)
  2 gnolls (D:2)
  2 dart slugs
  2 leopard geckos (D:1)
  7 bats
  6 giant cockroaches (D:1)
  5 goblins
  5 hobgoblins
  2 frilled lizards
  6 kobolds
  4 rats (D:1)
44 creatures vanquished.

Notes
Turn   | Place    | Note
-------+----------+-------------------------------------------
     0 | D:1      | tehllama the Draconian Conjurer began the quest for the Orb.
     0 | D:1      | Reached XP level 1. HP: 14/14 MP: 3/3
   128 | D:1      | Reached XP level 2. HP: 13/20 MP: 0/5
   608 | D:1      | Reached XP level 3. HP: 19/26 MP: 1/6
  1564 | D:2      | Found a radiant altar of Vehumet.
  1583 | D:2      | Became a worshipper of Vehumet
  1631 | D:2      | Reached skill level 5 in Conjurations
  1631 | D:2      | Reached XP level 4. HP: 30/33 MP: 1/7
  1737 | D:2      | Learned a level 2 spell: Searing Ray
  1741 | D:2      | Learned a level 3 spell: Dazzling Spray
  1746 | D:2      | Found a blossoming altar of Fedhas.
  1828 | D:2      | Slain by a gnoll

Skill      XL: |  1  2  3 |
---------------+----------+-----
Dodging        | 2 |  2.3
Conjurations   | 5 |  5.1
Maces & Flails | |  0.2
Stealth        | |  1.9
Unarmed Combat | |  0.6
Spellcasting   | |  2.6

Action                   |  1- 3 |  4- 6 || total
-------------------------+-------+-------++-------
Melee: Unarmed           |    26 |       ||    26
       Tailslap          |     8 |       ||     8
       Mace              |    27 |     2 ||    29
       Spear             |       |     2 ||     2
 Cast: Magic Dart        |    65 |    16 ||    81
       Searing Ray       |       |     1 ||     1
  Use: Scroll            |     4 |     2 ||     6
       Potion            |     2 |     2 ||     4
  Eat: Fruit             |     3 |       ||     3
       Bread ration      |     1 |       ||     1
Armor: Skin              |    30 |     2 ||    32
Dodge: Dodged            |    58 |    11 ||    69
